MLB
PITTSBURGH PIRATES @ WASHINGTON NATIONALS
09/04/2047
 
TOP OF THE 1ST
Pittsburgh Pirates batting - Pitching for Washington Nationals : RHP Jason Cheek
Pitching: RHP Jason Cheek
Batting: RHB Raul Mendoza 0-0: Ball
1-0: Called Strike
1-1: Swinging Strike
1-2: Ball
2-2: Foul Ball, location: 2F
2-2: Ball
3-2: Strikes out swinging
Batting: LHB Xavier Pittman 0-0: Foul Ball, location: 2F
0-1: Foul Ball, location: 2F
0-2: Ball
1-2: Ball
2-2: Ground out 5-3 (Groundball, 56D, EV 93.1 MPH)
Batting: SHB Marvin McAleer 0-0: Ball
1-0: Ball
2-0: SINGLE (Groundball, 34D, EV 99.4 MPH)
Batting: RHB Mike Bates 0-0: Called Strike
0-1: SINGLE (Groundball, 6M, EV 109.4 MPH) (infield hit)
Marvin McAleer to second
Batting: LHB Micah Boshnjaku 0-0: Called Strike
0-1: TRIPLE (Flyball, 89XD, EV 98.1 MPH)
Marvin McAleer scores
Mike Bates scores
Batting: RHB Eisse Bravenboer 0-0: Swinging Strike
0-1: Swinging Strike
0-2: Ball
1-2: Foul Ball, location: 2F
1-2: Foul Ball, location: 2F
1-2: Ball
2-2: 2-RUN HOME RUN (Flyball, 9LD, EV 95.0 MPH), Distance : 345 ft
Batting: LHB Josh Cook 0-0: Swinging Strike
0-1: Foul Ball, location: 2F
0-2: Foul Ball, location: 2F
0-2: Ball
1-2: Strikes out swinging
Top of the 1st over - 4 runs, 4 hits, 0 errors, 0 left on base; Pittsburgh 4 - Washington 0
BOTTOM OF THE 1ST
Washington Nationals batting - Pitching for Pittsburgh Pirates : RHP Ian Toney
Pitching: RHP Ian Toney
Batting: LHB Jeff Luvisi 0-0: Called Strike
0-1: Ball
1-1: Ball
2-1: Foul Ball, location: 2F
2-2: Strikes out looking
Batting: RHB Darren McCarty Jr. 0-0: Ball
1-0: Ball
2-0: Ball
3-0: Called Strike
3-1: Foul Ball, location: 2F
3-2: Base on Balls
Batting: LHB Seth Cook 0-0: Called Strike
0-1: Ball
1-1: Fielders Choice at 2nd, 1-4 (Groundball, 25, EV 62.5 MPH)
Batting: RHB John Sanders 0-0: Called Strike
0-1: Called Strike
0-2: Ball
1-2: Strikes out looking
Bottom of the 1st over - 0 runs, 0 hits, 0 errors, 1 left on base; Pittsburgh 4 - Washington 0
TOP OF THE 2ND
Pittsburgh Pirates batting - Pitching for Washington Nationals : RHP Jason Cheek
Batting: RHB Andrew Robinson 0-0: Ball
1-0: Ball
2-0: Fly out, F9 (Line Drive, 9S, EV 93.1 MPH)
Batting: RHB Bubba Tierney 0-0: Called Strike
0-1: Ground out 6-3 (Groundball, 6, EV 84.4 MPH)
Batting: RHB Raul Mendoza 0-0: Ball
1-0: Ball
2-0: Ground out 4-3 (Groundball, 4, EV 79.4 MPH)
Top of the 2nd over - 0 runs, 0 hits, 0 errors, 0 left on base; Pittsburgh 4 - Washington 0
BOTTOM OF THE 2ND
Washington Nationals batting - Pitching for Pittsburgh Pirates : RHP Ian Toney
Batting: LHB Kyung-jin Cho 0-0: Called Strike
0-1: Swinging Strike
0-2: Fly out, F8 (Line Drive, 8LD, EV 87.5 MPH)
Batting: RHB Dave Vargas 0-0: Foul Ball, location: 2F
0-1: Swinging Strike
0-2: Ball
1-2: Ball
2-2: Strikes out swinging
Batting: RHB Jesse Basich 0-0: Called Strike
0-1: Ground out 5-3 (Groundball, 56S, EV 86.2 MPH)
Bottom of the 2nd over - 0 runs, 0 hits, 0 errors, 0 left on base; Pittsburgh 4 - Washington 0
TOP OF THE 3RD
Pittsburgh Pirates batting - Pitching for Washington Nationals : RHP Jason Cheek
Batting: LHB Xavier Pittman 0-0: Ball
1-0: Ball
2-0: Ground out 4-3 (Groundball, 4, EV 77.5 MPH)
Batting: SHB Marvin McAleer 0-0: Ball
1-0: Foul Ball, location: 2F
1-1: Ball
2-1: Foul Ball, location: 2F
2-2: Ball
3-2: Foul Ball, location: 2F
3-2: Strikes out swinging
Batting: RHB Mike Bates 0-0: Ball
1-0: Ball
2-0: Ball
3-0: Called Strike
3-1: Base on Balls
Batting: LHB Micah Boshnjaku 0-0: SINGLE (Groundball, 4MD, EV 105.6 MPH)
Mike Bates to second
Runner from 2nd tries for 3rd, SAFE, throw by CF made to third
Batting: RHB Eisse Bravenboer 0-0: Called Strike
0-1: Ball
Micah Boshnjaku steals 2nd base
1-1: Called Strike
Passed Ball!
Mike Bates scores
Micah Boshnjaku to third
1-2: Ball
2-2: Strikes out looking
Top of the 3rd over - 1 run, 1 hit, 0 errors, 1 left on base; Pittsburgh 5 - Washington 0
BOTTOM OF THE 3RD
Washington Nationals batting - Pitching for Pittsburgh Pirates : RHP Ian Toney
Batting: RHB Dan Fallon 0-0: Foul Ball, location: 2F
0-1: Ball
1-1: Ball
2-1: Foul Ball, location: 2F
2-2: Strikes out swinging
Batting: RHB Hisayuki Akiyama 0-0: Foul Ball, location: 2F
0-1: Called Strike
0-2: Strikes out swinging
Batting: LHB Jeff Luvisi 0-0: Ball
1-0: Ball
2-0: Fly out, F4 (Line Drive, 4, EV 68.8 MPH)
Bottom of the 3rd over - 0 runs, 0 hits, 0 errors, 0 left on base; Pittsburgh 5 - Washington 0
TOP OF THE 4TH
Pittsburgh Pirates batting - Pitching for Washington Nationals : RHP Jason Cheek
Batting: LHB Josh Cook 0-0: Called Strike
0-1: Ball
1-1: Ball
2-1: Ball
3-1: Base on Balls
Batting: RHB Andrew Robinson 0-0: Foul Ball, location: 2F
0-1: Foul Ball, location: 2F
0-2: Ball
1-2: Strikes out swinging
Batting: RHB Bubba Tierney 0-0: Ball
1-0: Ball
2-0: Ball
3-0: Called Strike
3-1: Foul Ball, location: 2F
3-2: Ground out U3 (Groundball, 3S, EV 61.9 MPH)
Josh Cook to second
Batting: RHB Raul Mendoza 0-0: Called Strike
0-1: Ball
1-1: Swinging Strike
1-2: Ball
2-2: Ground out 5-3 (Groundball, 5, EV 86.2 MPH)
Top of the 4th over - 0 runs, 0 hits, 0 errors, 1 left on base; Pittsburgh 5 - Washington 0
BOTTOM OF THE 4TH
Washington Nationals batting - Pitching for Pittsburgh Pirates : RHP Ian Toney
Batting: RHB Darren McCarty Jr. 0-0: Ball
1-0: Foul Ball, location: 2F
1-1: Ball
2-1: Foul Ball, location: 2F
2-2: Strikes out looking
Batting: LHB Seth Cook 0-0: Called Strike
0-1: Ball
1-1: Ball
2-1: Ball
3-1: Base on Balls
Batting: RHB John Sanders 0-0: Foul Ball, location: 2F
0-1: Grounds out, U3 (Groundball, 3L, EV 105.0 MPH)
Batting: LHB Kyung-jin Cho 0-0: Fly out, F5 (Popup, 25F, EV 86.2 MPH)
Bottom of the 4th over - 0 runs, 0 hits, 0 errors, 1 left on base; Pittsburgh 5 - Washington 0
TOP OF THE 5TH
Pittsburgh Pirates batting - Pitching for Washington Nationals : RHP Jason Cheek
Batting: LHB Xavier Pittman 0-0: Ball
1-0: Called Strike
1-1: Foul Ball, location: 2F
1-2: Strikes out swinging
Batting: SHB Marvin McAleer 0-0: Called Strike
0-1: Ball
1-1: SINGLE (Groundball, 6M, EV 105.0 MPH) (infield hit)
Batting: RHB Mike Bates 0-0: Foul Ball, location: 2F
0-1: Fly out, F7 (Flyball, 7D, EV 76.9 MPH)
Batting: LHB Micah Boshnjaku 0-0: Ball
1-0: Fly out, F7 (Flyball, 78D, EV 77.5 MPH)
Top of the 5th over - 0 runs, 1 hit, 0 errors, 1 left on base; Pittsburgh 5 - Washington 0
BOTTOM OF THE 5TH
Washington Nationals batting - Pitching for Pittsburgh Pirates : RHP Ian Toney
Batting: RHB Dave Vargas 0-0: Ball
1-0: Ground out 4-3 (Groundball, 4, EV 79.4 MPH)
Batting: RHB Jesse Basich 0-0: Ball
1-0: Swinging Strike
1-1: Foul Ball, location: 2F
1-2: Strikes out looking
Batting: RHB Dan Fallon 0-0: Called Strike
0-1: Hit by Pitch
Batting: RHB Hisayuki Akiyama 0-0: Called Strike
0-1: Foul Ball, location: 2F
0-2: Foul Ball, location: 2F
0-2: Foul Ball, location: 2F
0-2: Ball
1-2: Fly out, F7 (Flyball, 7LS, EV 74.4 MPH)
Bottom of the 5th over - 0 runs, 0 hits, 0 errors, 1 left on base; Pittsburgh 5 - Washington 0
TOP OF THE 6TH
Pittsburgh Pirates batting - Pitching for Washington Nationals : RHP Jason Cheek
Batting: RHB Eisse Bravenboer 0-0: Ground out 4-3 (Groundball, 4, EV 95.6 MPH)
Batting: LHB Josh Cook 0-0: SINGLE (Line Drive, 89S, EV 95.6 MPH)
Batting: RHB Andrew Robinson 0-0: Ball
1-0: Called Strike
Josh Cook is caught stealing 2nd base 2-4
1-1: Ball
2-1: Ground out U3 (Groundball, 34S, EV 82.5 MPH)
Top of the 6th over - 0 runs, 1 hit, 0 errors, 0 left on base; Pittsburgh 5 - Washington 0
BOTTOM OF THE 6TH
Washington Nationals batting - Pitching for Pittsburgh Pirates : RHP Ian Toney
Batting: LHB Jeff Luvisi 0-0: Ball
1-0: Fly out, F9 (Flyball, 9LM, EV 78.1 MPH)
Batting: RHB Darren McCarty Jr. 0-0: Ball
1-0: Foul Ball, location: 2F
1-1: Swinging Strike
1-2: DOUBLE (Flyball, 89D, EV 101.2 MPH)
Batting: LHB Seth Cook 0-0: Foul Ball, location: 2F
0-1: Ball
Darren McCarty Jr. steals 3rd base
1-1: Swinging Strike
1-2: Fly out, F9 (Flyball, 9, EV 73.8 MPH)
Runner from 3rd tags up, SCORES, throw by RF
Batting: RHB John Sanders 0-0: Foul Ball, location: 2F
0-1: SINGLE (Line Drive, 56D, EV 106.9 MPH)
Batting: LHB Kyung-jin Cho 0-0: Ground out 4-3 (Groundball, 4, EV 89.4 MPH)
Bottom of the 6th over - 1 run, 2 hits, 0 errors, 1 left on base; Pittsburgh 5 - Washington 1
TOP OF THE 7TH
Pittsburgh Pirates batting - Pitching for Washington Nationals : RHP Jason Cheek
Batting: RHB Bubba Tierney 0-0: Fly out, F6 (Popup, 6M, EV 56.2 MPH)
Batting: RHB Raul Mendoza 0-0: Ball
1-0: Called Strike
1-1: Foul Ball, location: 2F
1-2: Foul Ball, location: 2F
1-2: Foul Ball, location: 2F
1-2: Foul Ball, location: 2F
1-2: Ball
2-2: Foul Ball, location: 2F
2-2: Foul Ball, location: 2F
2-2: Ball
3-2: Foul Ball, location: 2F
3-2: Foul Ball, location: 2F
3-2: Base on Balls
Pitching: LHP Rafael Silva
Batting: LHB Xavier Pittman 0-0: Called Strike
0-1: Ball
1-1: Called Strike
Raul Mendoza steals 2nd base
1-2: Strikes out swinging
Batting: SHB Marvin McAleer 0-0: Ball
1-0: Swinging Strike
1-1: DOUBLE (Groundball, 5L, EV 102.5 MPH)
Raul Mendoza scores
Batting: RHB Mike Bates 0-0: Called Strike
0-1: Ball
1-1: Swinging Strike
1-2: Strikes out swinging
Top of the 7th over - 1 run, 1 hit, 0 errors, 1 left on base; Pittsburgh 6 - Washington 1
BOTTOM OF THE 7TH
Washington Nationals batting - Pitching for Pittsburgh Pirates : RHP Ian Toney
Batting: RHB Dave Vargas 0-0: Ball
1-0: Called Strike
1-1: Ball
2-1: Swinging Strike
2-2: Strikes out swinging
Batting: RHB Jesse Basich 0-0: Called Strike
0-1: Ball
1-1: Foul Ball, location: 2F
1-2: Ball
2-2: Ball
3-2: SINGLE (Flyball, 8RS, EV 88.8 MPH)
Batting: RHB Dan Fallon 0-0: Ball
1-0: Ball
2-0: Called Strike
2-1: Called Strike
Jesse Basich is caught stealing 2nd base 2-4
2-2: SINGLE (Line Drive, 8RS, EV 106.2 MPH)
Batting: RHB Hisayuki Akiyama 0-0: Called Strike
0-1: Ball
1-1: Fielders Choice at 2nd, U4 (Groundball, 4M, EV 87.5 MPH)
Bottom of the 7th over - 0 runs, 2 hits, 0 errors, 1 left on base; Pittsburgh 6 - Washington 1
TOP OF THE 8TH
Pittsburgh Pirates batting - Pitching for Washington Nationals : LHP Rafael Silva
Batting: LHB Micah Boshnjaku 0-0: Foul Ball, location: 2F
0-1: Foul Ball, location: 2F
0-2: Ground out 6-3 (Groundball, 4, EV 80.6 MPH)
Batting: RHB Eisse Bravenboer 0-0: DOUBLE (Flyball, 8RXD, EV 108.1 MPH)
Batting: LHB Josh Cook 0-0: Ball
1-0: Called Strike
1-1: Ball
2-1: Called Strike
2-2: Strikes out swinging
Batting: RHB Andrew Robinson 0-0: Ball
1-0: Foul Ball, location: 2F
1-1: Ground out 6-3 (Groundball, P, EV 83.1 MPH)
Top of the 8th over - 0 runs, 1 hit, 0 errors, 1 left on base; Pittsburgh 6 - Washington 1
BOTTOM OF THE 8TH
Washington Nationals batting - Pitching for Pittsburgh Pirates : RHP Ian Toney
Batting: LHB Jeff Luvisi 0-0: Ground out 5-3 (Groundball, 56S, EV 83.1 MPH)
Batting: RHB Darren McCarty Jr. 0-0: Foul Ball, location: 2F
0-1: Ball
1-1: Ground out 6-3 (Groundball, P, EV 77.5 MPH)
Batting: LHB Seth Cook 0-0: Ball
1-0: Foul Ball, location: 2F
1-1: Ball
2-1: Ball
3-1: Base on Balls
Pitching: LHP Marko Emchenko
Batting: RHB John Sanders 0-0: Ball
1-0: Swinging Strike
1-1: Ball
2-1: Called Strike
2-2: Foul Ball, location: 2F
2-2: Foul Ball, location: 2F
2-2: Strikes out looking
Bottom of the 8th over - 0 runs, 0 hits, 0 errors, 1 left on base; Pittsburgh 6 - Washington 1
TOP OF THE 9TH
Pittsburgh Pirates batting - Pitching for Washington Nationals : LHP Rafael Silva
Pitching: RHP Travis Plesz
Batting: RHB Bubba Tierney 0-0: Ball
1-0: Ball
2-0: Ball
3-0: Called Strike
3-1: Fly out, F8 (Flyball, 8RD, EV 100.0 MPH)
Batting: RHB Raul Mendoza 0-0: Ball
1-0: Swinging Strike
1-1: Swinging Strike
1-2: Strikes out looking
Batting: LHB Xavier Pittman 0-0: Ball
1-0: Swinging Strike
1-1: Foul Ball, location: 2F
1-2: Strikes out swinging
Top of the 9th over - 0 runs, 0 hits, 0 errors, 0 left on base; Pittsburgh 6 - Washington 1
BOTTOM OF THE 9TH
Washington Nationals batting - Pitching for Pittsburgh Pirates : LHP Marko Emchenko
Batting: LHB Kyung-jin Cho 0-0: Called Strike
0-1: Ball
1-1: Swinging Strike
1-2: Fly out, F7 (Line Drive, 78M, EV 97.5 MPH)
Batting: RHB Dave Vargas 0-0: Called Strike
0-1: Ball
1-1: Swinging Strike
1-2: Strikes out swinging
Batting: RHB Jesse Basich 0-0: Ball
1-0: Foul Ball, location: 2F
1-1: Swinging Strike
1-2: SINGLE (Groundball, 6S, EV 75.0 MPH) (infield hit)
Batting: RHB Dan Fallon 0-0: Ground out 4-3 (Groundball, 4, EV 77.5 MPH)
Bottom of the 9th over - 0 runs, 1 hit, 0 errors, 1 left on base; Pittsburgh 6 - Washington 1
Thursday, December 15th , 2022 - OOTP Baseball 23.9 Build 102